Map: Efflorescence LE

Players

Nikolia

  • Race: Protoss Protoss
  • Spawn Location: 3:00

Батя

  • Race: Protoss Protoss
  • Spawn Location: 12:00

qqq - Winner!

  • Race: Zerg Zerg
  • League: Platinum
  • Spawn Location: 6:00

Massa - Winner!

  • Race: Terran Terran
  • League: Platinum
  • Spawn Location: 9:00

VOD

Have the link to the VOD?

Description

Time

  • Played on: Nov. 21, 2020, 8:20 a.m.
  • Length: 6:56
Show
View Real Time Build Order
Export as new Build Order

Nikolia Protoss 

Build Orders: 1 Gate Expand 

Get SALT Encoding   

  12  0:00  Probe  
  13  0:12  Probe  
  14  0:19  Pylon  
  14  0:24  Probe  
  15  0:37  Probe  
  15  0:39  Gateway  
  16  0:47  Assimilator  
  16  0:49  Probe (Chrono Boost)  
  17  1:01  Probe (Chrono Boost)  
  18  1:07  Probe (Chrono Boost)  
  19  1:24  Nexus  
  19  1:35  Cybernetics Core  
  19  1:39  Probe  
  20  1:43  Assimilator  
  20  1:51  Probe  
  21  2:16  Probe  
  21  2:17  Warp Gate  
  22  2:28  Probe  
  23  2:30  Robotics Facility  
  23  2:36  Pylon  
  23  2:38  Shield Battery  
  23  2:44  Probe (Chrono Boost)  
  23  2:45  Pylon  
  23  2:50  Probe (Chrono Boost)  
  25  2:54  Probe (Chrono Boost)  
  27  2:58  Adept  
  27  2:59  Probe (Chrono Boost)  
  27  3:00  Probe (Chrono Boost)  
  30  3:11  Probe (Chrono Boost)  
  32  3:13  Probe (Chrono Boost)  
  32  3:16  Probe (Chrono Boost)  
  33  3:20  Gateway  
  33  3:21  Gateway  
  33  3:29  Gateway  
  33  3:38  Warp Prism  
  35  3:46  Gateway  
  35  3:50  Pylon  
  35  3:55  Probe x2  
  37  3:58  Pylon  
  37  4:04  Forge  
  36  4:14  Adept x2  
  40  4:22  Adept  
  34  4:24  Adept  
  27  4:38  Adept x2  
  25  4:42  Shield Battery  
  21  4:48  Adept  
  1  5:13  Probe (Chrono Boost)  
  1  5:23  Probe (Chrono Boost)  
  2  6:12  Probe (Chrono Boost)  
Show
View Real Time Build Order
Export as new Build Order

Батя Protoss 

Build Orders: 1 Gate Expand, Colossus Rush 

Get SALT Encoding   

  12  0:02  Probe  
  13  0:14  Probe  
  13  0:21  Pylon  
  14  0:26  Probe (Chrono Boost)  
  15  0:39  Gateway  
  15  0:40  Probe (Chrono Boost)  
  16  0:45  Assimilator  
  16  0:46  Probe  
  17  0:58  Probe (Chrono Boost)  
  18  1:10  Probe (Chrono Boost)  
  19  1:17  Probe (Chrono Boost)  
  20  1:27  Nexus  
  20  1:37  Cybernetics Core  
  20  1:39  Probe  
  21  1:44  Assimilator  
  21  1:52  Pylon  
  22  1:54  Probe  
  22  2:06  Probe  
  23  2:11  Stalker (Chrono Boost)  
  25  2:20  Robotics Facility  
  25  2:22  Probe  
  26  2:29  Warp Gate  
  26  2:34  Stalker  
  29  2:38  Probe (Chrono Boost)  
  29  2:39  Probe (Chrono Boost)  
  30  2:50  Probe (Chrono Boost)  
  32  2:53  Probe (Chrono Boost)  
  32  3:00  Probe  
  32  3:01  Probe  
  32  3:05  Pylon  
  34  3:09  Robotics Bay  
  34  3:12  Observer  
  36  3:13  Probe (Chrono Boost)  
  36  3:17  Probe (Chrono Boost)  
  37  3:23  Probe (Chrono Boost)  
  37  3:25  Shield Battery  
  37  3:26  Probe (Chrono Boost)  
  39  3:28  Probe  
  40  3:36  Probe  
  40  3:37  Assimilator  
  40  3:38  Assimilator  
  40  3:41  Probe  
  42  3:48  Probe  
  42  3:49  Pylon  
  42  3:53  Probe, Colossus (Chrono Boost)  
  44  4:00  Probe  
  51  4:05  Probe  
  52  4:13  Probe  
  52  4:14  Pylon  
  53  4:17  Shield Battery, Sentry  
  55  4:31  Colossus (Chrono Boost)  
  55  5:02  Robotics Facility  
  55  5:03  Stalker  
  57  5:09  Gateway  
  57  5:11  Gateway  
  57  5:13  Gateway  
  57  5:15  Gateway  
  57  5:19  Pylon  
  57  5:20  Pylon  
  57  5:26  Colossus (Chrono Boost)  
  52  5:39  Probe x2  
  52  5:41  Stalker  
  55  5:51  Probe  
  50  6:25  Stalker  
  50  6:26  Stalker x3  
  46  6:49  Pylon  
  46  6:51  Pylon  
Show
View Real Time Build Order
Export as new Build Order

qqq Zerg - Winner!

Build Orders: Hatch First 

Get SALT Encoding   

  12  0:01  Drone  
  13  0:08  Drone  
  14  0:27  Overlord  
  14  0:47  Hatchery  
  13  0:52  Drone  
  13  0:53  Drone  
  13  0:56  Drone  
  16  1:05  Drone  
  17  1:20  Drone  
  17  1:24  Spawning Pool  
  17  1:27  Extractor, Drone  
  17  1:42  Drone  
  18  1:50  Drone  
  19  2:00  Drone  
  20  2:01  Drone  
  21  2:11  Queen  
  21  2:13  Queen  
  21  2:14  Overlord  
  25  2:16  Drone  
  26  2:25  Zergling x2  
  26  2:28  Drone  
  28  2:31  Metabolic Boost  
  28  2:34  Zergling x2  
  28  2:36  Drone  
  30  2:45  Drone  
  30  2:50  Zergling x2  
  32  2:55  Zergling x2  
  33  3:03  Zergling x2  
  33  3:04  Zergling x2  
  33  3:05  Zergling x2  
  35  3:15  Zergling x2  
  35  3:17  Overlord  
  36  3:24  Overlord  
  36  3:25  Hatchery  
  35  3:30  Zergling x2  
  36  3:35  Zergling x6  
  36  3:36  Zergling x2  
  36  3:38  Zergling x2  
  36  3:40  Zergling x2  
  42  3:49  Zergling x4  
  44  3:59  Zergling x2  
  44  4:00  Zergling x6  
  48  4:05  Lair  
  47  4:28  Zergling x2  
  47  4:29  Zergling x6  
  47  4:30  Zergling x6  
  50  4:42  Queen  
  50  4:43  Drone  
  43  4:54  Zergling x6  
  43  4:55  Zergling x4  
  43  4:56  Zergling x4  
  50  5:16  Drone x4  
  50  5:17  Spire  
  50  5:18  Extractor  
  52  5:26  Zergling x2  
  52  5:27  Drone x4  
  57  5:33  Drone  
  45  6:16  Drone x2  
  41  6:19  Drone x7  
  41  6:20  Drone x2  
  41  6:23  Extractor  
  41  6:25  Extractor  
  46  6:31  Drone x2, Mutalisk x2  
  46  6:32  Mutalisk  
  54  6:39  Hatchery  
  55  6:44  Drone  
Show
View Real Time Build Order
Export as new Build Order

Massa Terran - Winner!

Build Orders:  

Get SALT Encoding   

  12  0:00  SCV  
  13  0:12  SCV  
  14  0:18  Supply Depot  
  14  0:24  SCV  
  15  0:39  SCV  
  15  0:40  Barracks  
  16  0:51  SCV, Supply Depot  
  17  1:03  SCV  
  18  1:04  Refinery  
  18  1:15  SCV  
  18  1:18  Barracks  
  19  1:28  SCV  
  20  1:40  SCV  
  20  1:43  Barracks  
  21  1:52  Barracks Tech Lab, Orbital Command  
  21  1:58  Supply Depot  
  21  2:04  Marine  
  22  2:11  Marauder  
  24  2:22  Marine  
  25  2:31  Stimpack  
  25  2:32  Marine  
  25  2:33  Marine  
  27  2:40  Marine  
  27  2:44  Supply Depot  
  28  2:50  Marine  
  28  2:51  Marauder, Supply Depot  
  31  2:58  Marine  
  32  3:08  Marine  
  35  3:13  Marauder  
  35  3:16  Marine  
  36  3:26  Marine  
  37  3:34  Marauder, Marine  
  40  3:48  Marine  
  40  3:49  Factory  
  40  3:51  Command Center  
  40  3:55  Marauder, Supply Depot  
  43  4:03  Marine  
  44  4:11  Concussive Shells  
  44  4:16  Marine  
  47  4:17  Marauder  
  47  4:21  Marine  
  48  4:34  Marine  
  45  4:46  SCV  
  46  4:59  SCV  
  43  5:11  SCV, Marauder  
  43  5:12  Marine x2  
  48  5:15  Orbital Command  
  48  5:23  SCV  
  48  5:24  Refinery  
  47  5:29  Marine  
  47  5:30  Marine  
  47  5:33  Factory Tech Lab, Marauder  
  47  5:35  SCV  
  52  5:44  SCV  
  52  5:47  SCV, Marine  
  55  5:54  Marauder  
  55  5:56  SCV  
  58  5:59  SCV  
  59  6:08  SCV  
  43  6:55  Starport  
Tags
 
Add a new tag
Caveats
  • Supply blocks, unpowered buildings, or Contaminate may cause inaccurate times.
  • Supply counts are checked every 10 seconds.